Map: Thunderbird LE

Players

August - Winner!

  • Race: Terran Terran
  • League: Master
  • Spawn Location: 5:00

Mez

  • Race: Terran Terran
  • League: Master
  • Spawn Location: 11:00

VOD

Have the link to the VOD?

Description

Time

  • Played on: Aug. 15, 2019, 10:11 a.m.
  • Length: 8:53
Show
View Real Time Build Order
Export as new Build Order

August Terran - Winner!

Build Orders:  

Get SALT Encoding   

  12  0:01  SCV  
  13  0:13  SCV  
  14  0:19  Supply Depot  
  14  0:25  SCV  
  14  0:27  Refinery  
  15  0:40  SCV  
  16  0:45  Barracks  
  16  0:52  SCV  
  16  0:55  Refinery  
  17  1:05  SCV  
  18  1:17  SCV  
  19  1:31  Orbital Command  
  19  1:33  Reaper  
  19  1:36  Factory  
  20  1:48  Supply Depot  
  20  1:57  SCV  
  21  2:05  Reaper  
  22  2:10  SCV  
  23  2:22  SCV  
  26  2:23  Hellion  
  26  2:30  Command Center  
  26  2:41  SCV  
  26  2:45  Barracks Reactor, Factory Tech Lab  
  26  2:49  Starport  
  26  2:54  SCV  
  26  2:57  Supply Depot  
  27  3:06  SCV  
  27  3:07  Siege Tank  
  31  3:18  SCV  
  32  3:23  Marine x2  
  34  3:30  SCV  
  35  3:36  Medivac  
  35  3:37  Engineering Bay  
  37  3:43  SCV, Marine  
  39  3:53  Marine  
  39  3:54  Siege Tank  
  43  4:00  SCV, Orbital Command  
  43  4:05  Liberator  
  43  4:07  Missile Turret  
  43  4:09  Missile Turret  
  43  4:14  Marine x2  
  43  4:16  SCV  
  49  4:27  SCV  
  50  4:31  Marine  
  50  4:38  SCV  
  52  4:39  SCV  
  53  4:46  Marine  
  53  4:49  Marine  
  53  4:51  SCV  
  54  5:06  Command Center  
  54  5:07  Marine  
  54  5:08  Marine  
  54  5:11  Siege Tank  
  54  5:15  Refinery  
  54  5:16  Refinery  
  54  5:18  Barracks x2  
  54  5:35  SCV x2  
  54  5:39  Terran Infantry Weapons Level 1  
  54  5:44  Supply Depot  
  54  5:45  Marine x2, Medivac, Supply Depot  
  54  5:46  Siege Tank  
  54  5:47  SCV  
  62  5:52  SCV  
  62  6:06  SCV x2  
  62  6:08  Barracks Reactor, Barracks Tech Lab  
  64  6:15  Barracks x2  
  64  6:18  SCV x2, Starport Reactor  
  66  6:20  Orbital Command  
  66  6:29  Stimpack  
  66  6:30  Marine x2  
  70  6:33  Siege Tank  
  70  6:34  Marine  
  70  6:38  SCV x2  
  74  6:50  SCV  
  77  6:54  Orbital Command  
  77  7:02  Marine x2  
  77  7:03  Marine x2  
  77  7:05  Barracks Reactor  
  77  7:06  Barracks Reactor  
  79  7:10  Viking x2, Factory  
  79  7:11  Siege Tank  
  86  7:18  Marine  
  86  7:20  Marine x3  
  86  7:21  SCV x2, Marine  
  93  7:26  SCV  
  91  7:33  SCV  
  91  7:34  SCV  
  93  7:43  Supply Depot x3  
  93  7:47  Viking, SCV x3, Marine x3  
  93  7:49  Marine x2  
  101  7:59  Factory Tech Lab  
  101  8:04  Viking, Siege Tank, Marine x6  
  108  8:24  Marine x2, Marauder  
  108  8:25  Marine x6  
Show
View Real Time Build Order
Export as new Build Order

Mez Terran 

Build Orders: Cyclone Opening 

Get SALT Encoding   

  12  0:00  SCV  
  13  0:12  SCV  
  14  0:19  Supply Depot  
  14  0:24  SCV  
  15  0:41  SCV  
  16  0:42  Barracks  
  16  0:45  Refinery  
  16  0:51  Refinery  
  16  0:53  SCV  
  17  1:05  SCV  
  18  1:17  SCV  
  19  1:30  Reaper  
  19  1:31  Orbital Command  
  20  1:42  Factory  
  20  1:47  Supply Depot  
  20  1:57  SCV  
  21  2:02  Reaper  
  22  2:10  SCV  
  23  2:17  Command Center  
  23  2:26  SCV  
  23  2:27  Factory Tech Lab  
  24  2:36  Supply Depot  
  24  2:42  Barracks Reactor  
  23  2:44  SCV  
  23  2:48  Cyclone  
  27  2:56  SCV  
  28  3:11  Starport  
  28  3:13  SCV  
  28  3:19  Marine x2  
  31  3:21  Hellion  
  32  3:31  SCV  
  33  3:39  Marine x2  
  35  3:49  Starport Tech Lab  
  35  3:50  Cyclone  
  37  3:58  Orbital Command  
  37  4:00  SCV  
  37  4:02  Refinery  
  38  4:09  Command Center  
  38  4:13  Marine  
  38  4:14  Marine  
  41  4:17  SCV  
  41  4:18  Raven  
  43  4:26  SCV  
  43  4:29  SCV  
  45  4:35  Siege Tank  
  45  4:38  SCV  
  40  4:53  Marine x2  
  40  4:55  SCV x2  
  44  5:09  Siege Tank  
  44  5:10  Marine  
  44  5:11  Marine  
  49  5:20  Command Center  
  49  5:25  Barracks  
  49  5:31  SCV x2  
  49  5:32  Barracks  
  50  5:40  Marine x2  
  52  5:43  SCV x2  
  53  5:55  SCV  
  54  5:58  SCV  
  53  6:14  Supply Depot  
  53  6:16  Raven, Siege Tank, SCV x2  
  60  6:25  Barracks Reactor x2  
  60  6:28  SCV  
  60  6:29  SCV  
  62  6:35  Orbital Command  
  62  6:39  Supply Depot  
  62  6:42  Supply Depot  
  62  6:54  SCV x2  
  65  7:05  SCV  
  65  7:06  SCV x2  
  64  7:10  Viking x2  
  64  7:13  Siege Tank  
  71  7:17  SCV  
  71  7:18  SCV  
  70  7:31  Marine x5  
  70  7:32  SCV x3  
  78  7:43  Viking x2  
  82  7:49  Marine  
  83  7:52  Marine x3  
  83  7:53  SCV, Marine  
  83  7:54  SCV  
  83  7:55  Siege Tank  
  92  8:06  Marine  
  92  8:07  SCV x2  
  95  8:14  Orbital Command  
  95  8:15  Viking x2  
  95  8:19  SCV  
  100  8:23  Refinery  
  100  8:24  Marine  
  101  8:28  Supply Depot  
  101  8:30  Marine  
  101  8:31  Marine x2  
  101  8:32  Engineering Bay, Marine  
Tags
 
Add a new tag
Caveats
  • Supply blocks, unpowered buildings, or Contaminate may cause inaccurate times.
  • Supply counts are checked every 10 seconds.